 Dungeon Crawl Stone Soup version 0.27-a0-279-gdfb9265905 (webtiles) character file.

Game seed: 16116361119002242162

277 mandarbmax the Stinger (level 6, -4/41 HPs)
             Began as a Demonspawn Venom Mage on Feb 7, 2021.
             Slain by a troll (9 damage)
             ... on level 4 of the Dungeon.
             The game lasted 00:14:24 (4456 turns).

mandarbmax the Stinger (Demonspawn Venom Mage)      Turns: 4456, Time: 00:14:24

Health: -4/41      AC:  8    Str:  8    XL:     6   Next: 4%
Magic:  0/9        EV: 12    Int: 18    God:
Gold:   225        SH:  4    Dex: 14    Spells: 6/9 levels left

rFire    . . .     SeeInvis .   p - staff of air
rCold    . . .     Faith    .   q - +0 buckler
rNeg     . . .     Spirit   .   d - +1 animal skin
rPois    .         Reflect  .   r - +0 helmet
rElec    +         Harm     .   (no cloak)
rCorr    .         Rampage  .   (no gloves)
Will     .....     Rnd*Tele +   (no boots)
Stlth    ++........             (no amulet)
HPRegen  0.13/turn              e - ring of teleportation (curse)
MPRegen  0.11/turn              (no ring)

@: very slightly contaminated
A: iridescent scales 2, ignite blood 1, demonic magic 1
a: no special abilities


You were on level 4 of the Dungeon.
You visited 1 branch of the dungeon, and saw 4 of its levels.

You collected 225 gold pieces.

Inventory:

Armour
 c - a +0 ring mail
 d - a +1 animal skin (worn)
 q - a +0 buckler (worn)
 r - a +0 helmet (worn)
 s - a +0 pair of boots
Magical Staves
 p - an uncursed staff of air (weapon)
Jewellery
 e - a cursed ring of teleportation (left hand)
Scrolls
 b - 2 scrolls of identify {unknown}
 h - a scroll of blinking {unknown}
 j - 3 scrolls of remove curse {unknown}
 k - a scroll of amnesia {unknown}
 o - a scroll of teleportation {unknown}
 t - a scroll of noise {unknown}
Potions
 a - 2 potions of haste {unknown}
 f - 3 potions of cancellation {unknown}
 g - 2 potions of might {unknown}
 i - a potion of mutation {unknown}
 l - a potion of flight {unknown}
 m - 2 potions of heal wounds {unknown}
 n - a potion of lignification {unknown}


   Skills:
 - Level 2.0 Dodging
 - Level 1.7 Stealth
 + Level 1.8 Shields
 - Level 2.0 Spellcasting
 - Level 1.0 Transmutations
 - Level 3.0 Air Magic
 + Level 5.1 Poison Magic


You had 6 spell levels left.
You knew the following spells:

 Your Spells              Type           Power        Failure   Level
a - Sting                 Tmut/Pois      48%          7%          1
b - Poisonous Vapours     Pois/Air       48%          7%          2

Your spell library contained the following spells:

 Spells                   Type           Power        Failure   Level
 Mephitic Cloud           Conj/Pois/Air  17%          24%         3
 Olgreb's Toxic Radiance  Pois           20%          28%         4
 Ignite Poison            Fire/Tmut/Pois 9%           30%         3


Dungeon Overview and Level Annotations

Branches:
Dungeon (4/15)
 Temple: D:4-7

Altars:
Nemelex Xobeh
Ru


Innate Abilities, Weirdness & Mutations

You are mostly covered in iridescent scales. (AC +4)
Your demonic aura sometimes causes spilled blood to erupt in flames Spells you cast may paralyse adjacent enemies.


Message History

Casting: Sting (safe; 7% risk of failure)
Confirm with . or Enter, or press ? or * to list all spells.
Aiming: Sting (safe; 7% risk of failure)
Press: ? - help, Shift-Dir - straight line, f/p - troll
Aim: a troll (severely wounded, very poisoned, 29% to evade)
The sting hits the troll.
The troll looks even sicker.
The troll is severely wounded.
Malevolent energies surge around you. The troll barely misses you.
The troll claws you. The troll claws you!
* * * LOW HITPOINT WARNING * * *
Casting: Sting (safe; 7% risk of failure)
Confirm with . or Enter, or press ? or * to list all spells.
Aiming: Sting (safe; 7% risk of failure)
Press: ? - help, Shift-Dir - straight line, f/p - troll
Aim: a troll (almost dead, very poisoned, 29% to evade)
You miscast Sting.
You are very lightly contaminated with residual magic.
Nothing appears to happen.
The troll bites you!
You die...

.##.# ..#.# .
#.#.####... #..........
#...#.##...
#############..>....#.#
##......†..............#
.......@T.............#
##.###########.#....#.#
#.#....#.# #.#....#.##
#.#........
###†#.#.##.##
.........#.#
###.#......##
...#...#....


You could see a troll (very poisoned).

Vanquished Creatures
  A hound (D:4)
  An iguana (D:4)
  A worker ant (D:4)
  Terence (D:2)
  Robin (D:3)
  4 gnolls (D:3)
  5 adders
  An ooze (D:2)
  2 worms (D:2)
  3 dart slugs
  3 giant cockroaches
  10 goblins
  10 hobgoblins
  6 jackals
  A ball python (D:3)
  3 bats
  2 frilled lizards
  9 kobolds
  8 rats
72 creatures vanquished.

Notes
Turn   | Place    | Note
-------+----------+-------------------------------------------
     0 | D:1      | mandarbmax the Demonspawn Venom Mage began the quest for
                  | the Orb.
     0 | D:1      | Reached XP level 1. HP: 13/13 MP: 3/3
   124 | D:1      | Reached skill level 1 in Transmutations
   653 | D:1      | Gained mutation: Your demonic aura sometimes causes spilled
                  | blood to erupt in flames [demonic ancestry]
   653 | D:1      | Reached XP level 2. HP: 19/19 MP: 1/5
   774 | D:1      | Learned a level 2 spell: Poisonous Vapours
  1772 | D:2      | Reached skill level 1 in Air Magic
  1772 | D:2      | Gained mutation: Spells you cast may paralyse adjacent
                  | enemies. [demonic ancestry]
  1772 | D:2      | Reached XP level 3. HP: 24/24 MP: 0/6
  1906 | D:2      | Reached skill level 4 in Poison Magic
  2354 | D:2      | Found a sacrificial altar of Ru.
  2399 | D:2      | Noticed Terence
  2409 | D:2      | Killed Terence
  2410 | D:2      | Gained mutation: You are partially covered in iridescent
                  | scales. (AC +2) [demonic ancestry]
  2410 | D:2      | Reached XP level 4. HP: 26/30 MP: 2/7
  3240 | D:3      | Reached XP level 5. HP: 27/35 MP: 0/8
  3564 | D:3      | Reached skill level 1 in Shields
  3582 | D:3      | Found a sparkling altar of Nemelex Xobeh.
  3631 | D:3      | Noticed Robin
  3642 | D:3      | Killed Robin
  4272 | D:4      | Reached skill level 5 in Poison Magic
  4376 | D:4      | Gained mutation: You are mostly covered in iridescent
                  | scales. (AC +4) [demonic ancestry]
  4376 | D:4      | Reached XP level 6. HP: 41/41 MP: 4/9
  4425 | D:4      | Noticed a troll
  4456 | D:4      | Slain by a troll

Illustrated notes

Levels and vault maps discovered:
D:1:      beargit_arrival_greenhouse, layout_loops_ring, minmay_misc_feat_tower,
          minmay_small_reverse_x
D:2:      layout_rooms, general_overflow_altar, kennysheep_donut, st_stairs_7,
          uniq_terence
D:3:      layout_loops_ring, nemelex_xobeh_ov_fountains_minmay, uniq_robin
D:4:      minmay_clustersquares, layout_basic, overflow_temple_1_default,
          serial_shops, nicolae_shop_crystal, minmay_manual_monstrance

Skill      XL: |  1  2  3  4  5 |
---------------+----------------+-----
Transmutations | 1 |  1.0
Dodging        | 2 |  2.0
Air Magic      | 1 2 3 |  3.0
Poison Magic   | 4 5 |  5.1
Shields        | 1 |  1.8
Stealth        | |  1.7
Spellcasting   | |  2.0

Action                   |  1- 3 |  4- 6 || total
-------------------------+-------+-------++-------
Melee: Short sword       |    87 |    10 ||    97
       Unarmed           |     9 |       ||     9
       Staff             |       |    74 ||    74
 Cast: Sting             |    39 |    30 ||    69
       Poisonous Vapours |    13 |    27 ||    40
 Stab: Paralysed         |     1 |     8 ||     9
Armor: Ring mail         |    38 |    28 ||    66
       Animal skin       |       |     3 ||     3
Dodge: Dodged            |    54 |    54 ||   108
Block: Buckler           |       |    15 ||    15

Table legend: (Time is in decaauts)
 A = Elapsed time spent in this place.
 B = Non-inter-level travel time spent in this place.
 C = Inter-level travel time spent in this place.
 D = Time resting spent in this place.
 E = Time spent auto-exploring this place.
 F = Levels seen in this place.
 G = Mean time per level.
                   A        B        C        D        E       F      G
               +--------+--------+--------+--------+--------+-----+--------+
         Total |   4483 |   4410 |     73 |   1325 |   2396 |   4 | 1120.8 |
       Dungeon |   4483 |   4410 |     73 |   1325 |   2396 |   4 | 1120.8 |
               +--------+--------+--------+--------+--------+-----+--------+

Top non-repeatable levels by time:
     D:1: 1595 daAuts
     D:3: 1442 daAuts
     D:2: 1238 daAuts
     D:4: 206 daAuts
